 Seeded DCSS version 0.29-a0-1027-gcd8c55af63 (webtiles) character file.

Game seed: 20220813 (custom seed)

662 purpskrrrp the Cudgeller (level 7, -19/44 HPs)
             Began as a Gargoyle Monk on Aug 12, 2022.
             Was an Initiate of Gozag.
             Demolished by an ogre
             ... wielding a +0 giant spiked club
              (20 damage)
             ... on level 4 of the Dungeon.
             The game lasted 00:17:50 (5210 turns).

purpskrrrp the Cudgeller (Gargoyle Monk)            Turns: 5210, Time: 00:17:53

Health: -19/44     AC: 12    Str: 23    XL:     7   Next: 56%
Magic:  7/7        EV:  9    Int: 16    God:    Gozag
Gold:   136        SH:  5    Dex: 12    Spells: 6/6 levels left

rFire   . . .      SeeInvis .   w - -1 demon whip (flame)
rCold   . . .      Faith    .   (no shield)
rNeg    + . .      Spirit   .   o - +0 chain mail
rPois   ∞          Reflect  +   (no helmet)
rElec   +          Harm     .   (no cloak)
rCorr   .          Rampage  .   (no gloves)
Will    .....                   (no boots)
Stlth   ..........              t - amulet of reflection
HPRegen 0.14/turn               l - +6 ring of intelligence
MPRegen 0.10/turn               y - +6 ring of strength

@: gold aura
A: sickness immunity, AC +4, negative energy resistance 1, electricity
resistance, torment resistance 1, petrification resistance
a: Renounce Religion, Potion Petition, Call Merchant, Bribe Branch


You were on level 4 of the Dungeon.
You worshipped Gozag.
Gozag was aware of your devotion.
You visited 2 branches of the dungeon, and saw 7 of its levels.

You collected 276 gold pieces.
You spent 140 gold pieces at shops.

Inventory:

Hand Weapons
 a - a +0 mace
 w - a -1 demon whip of flaming (weapon)
Armour
 b - a +0 robe
 o - a +0 chain mail (worn)
 r - a +0 cloak
 v - a +0 leather armour
Jewellery
 l - a +6 ring of intelligence (left hand)
 t - an amulet of reflection (around neck)
 y - a +6 ring of strength (right hand)
Wands
 g - a wand of roots (1) (quivered)
Scrolls
 h - 6 scrolls of teleportation
 n - a scroll of vulnerability
 s - a scroll of fear
Potions
 e - a potion of flight {unknown}
 i - a potion of degeneration {unknown}
 j - a potion of heal wounds {unknown}
 k - 2 potions of curing
 p - 2 potions of cancellation
 u - a potion of lignification {unknown}
 x - a potion of attraction


   Skills:
 + Level 5.1 Fighting
 * Level 5.8 Maces & Flails
 + Level 3.8 Dodging
 + Level 4.6 Stealth


You had 6 spell levels left.
You didn't know any spells.
Your spell library contained the following spells:

 Spells                   Type           Power      Damage    Failure   Level
 Beastly Appendage        Tmut           0%         N/A       93%         1
 Magic Dart               Conj           0%         1d3       93%         1
 Call Imp                 Summ           0%         N/A       98%         2
 Wereblood                Tmut           0%         N/A       98%         2
 Mephitic Cloud           Conj/Pois/Air  0%         N/A       100%        3
 Spider Form              Tmut/Pois      0%         N/A       100%        3
 Alistair's Intoxication  Tmut/Pois      0%         N/A       100%        5
 Borgnjor's Vile Clutch   Necr/Erth      0%         N/A       100%        5
 Eringya's Noxious Bog    Tmut/Pois      0%         N/A       100%        6


Dungeon Overview and Level Annotations

Branches:
Dungeon (6/15)             Temple (1/1) D:6

Altars:
Ashenzari
Cheibriados
Dithmenos
Fedhas
Gozag
Hepliaklqana
Sif Muna
Trog
Uskayaw

Shops:
D:3 ((([(   D:6 *


Innate Abilities, Weirdness & Mutations

You are immune to sickness and miasma.
Your stone body is resilient. (AC +4)
You are immune to poison.
You resist negative energy. (rN+)
You are resistant to electric shocks. (rElec)
You are resistant to unholy torment.
You are immune to petrification.


Message History

The iguana is severely wounded.
The ogre shouts!
The endoplasm hits you but does no damage.
The iguana bites you.
You closely miss the iguana.
The iguana is severely wounded.
You whack the iguana! You burn the iguana.
You kill the iguana!
The endoplasm barely misses you.
You whack the endoplasm! You burn the endoplasm.
You kill the endoplasm!
You hit the ogre. You burn the ogre.
The ogre is lightly wounded.
The ogre is distracted by your dazzling golden aura.
The ogre shouts!
You whack the ogre! You burn the ogre.
The ogre is no longer distracted by gold.
The ogre is almost dead.
The ogre barely misses you.
You hit the ogre but do no damage.
The ogre is almost dead.
You hit the ogre but do no damage.
The ogre is almost dead.
The ogre hits you with a +0 giant spiked club!
You hit the ogre but do no damage.
The ogre is almost dead.
The ogre hits you but does no damage.
You are confused.
You feel invigorated.
The ogre hits you with a +0 giant spiked club!!
* * * LOW HITPOINT WARNING * * *
The ogre barely misses you. The ogre attacks as you move away!
The ogre barely misses you.
You feel less invigorated.
You feel less confused. The ogre hits you with a +0 giant club!
* * * LOW HITPOINT WARNING * * *
The ogre hits you with a +0 giant spiked club!!
You die...
Your body crumbles into a pile of gold.

........##......
........##...##.... ...
#...............#.# #...
##.........# .##...
#....†....## .....
...##.##.#..# ...# ..
....######..# ##..# ...
...########.####$$##....
.............##.@O......
...........>.....O......
..<.....................
....................#
...............#.#..#
..####..#<....#.....# .
#..#.......#....
........#...##..#
#........##.#...##


You could see 2 ogres.

Vanquished Creatures
  An ice beast (D:5)
  An ogre (D:6)
  A phantom (D:6)
  A necrophage (D:5)
  A scorpion (D:3)
  A killer bee (D:6)
  A hound (D:4)
  2 iguanas (D:4)
  3 adders (D:3)
  8 gnolls
  A white imp (D:6)
  A dart slug (D:4)
  8 ball pythons
  10 endoplasms
  4 goblins
  3 hobgoblins
  3 jackals (D:2)
  4 quokkas
  2 bats
  3 frilled lizards
  4 kobolds
  4 rats
67 creatures vanquished.

Notes
Turn   | Place    | Note
-------+----------+-------------------------------------------
     0 | D:1      | purpskrrrp the Gargoyle Monk began the quest for the Orb.
     0 | D:1      | Reached XP level 1. HP: 14/14 MP: 1/1
     6 | D:1      | Noticed a polar bear
     6 | D:1      | Noticed a salamander
     7 | D:1      | Noticed a rime drake
   253 | D:1      | Reached XP level 2. HP: 10/19 MP: 2/2
  1074 | D:1      | Reached XP level 3. HP: 18/23 MP: 3/3
  2366 | D:3      | Found Guhuseed's Weapon Shoppe.
  2638 | D:3      | Found Isys's Antique Weapon Emporium.
  2652 | D:3      | Found Mavvokar's Armour Emporium.
  2754 | D:3      | Reached XP level 4. HP: 23/29 MP: 4/4
  2825 | D:3      | Found a faded altar of an unknown god.
  2937 | D:3      | Found Acaleha's Weapon Shop.
  3044 | D:3      | Found Otopsi's Antique Weapon Emporium.
  3237 | D:4      | Noticed a scorpion
  3242 | D:5      | Entered Level 5 of the Dungeon
  3255 | D:5      | Noticed a necrophage
  3269 | D:5      | Killed a necrophage
  3270 | D:5      | Reached XP level 5. HP: 15/33 MP: 5/5
  3452 | D:5      | Noticed an ice beast
  3467 | D:5      | Killed an ice beast
  3468 | D:5      | Reached XP level 6. HP: 38/38 MP: 6/6
  3833 | D:6      | Noticed a steam dragon
  3833 | D:6      | a scorpion changed into a steam dragon
  3834 | D:6      | a steam dragon changed into a killer bee
  3945 | D:6      | Found a staircase to the Ecumenical Temple.
  3961 | Temple   | Entered the Ecumenical Temple
  4167 | Temple   | Became a worshipper of Gozag Ym Sagoz the Greedy
  4210 | D:6      | Found Menn's Lightly-Used Armoury.
  4220 | D:6      | Reached skill level 5 in Maces & Flails
  4222 | D:6      | Bought a -1 demon whip for 140 gold pieces
  4244 | D:6      | Reached XP level 7. HP: 27/44 MP: 7/7
  4826 | D:2      | Reached skill level 5 in Fighting
  5210 | D:4      | HP: 1/44 [ogre/+0 giant club (14)]
  5210 | D:4      | Demolished by an ogre

Illustrated notes

Levels and vault maps discovered:
D:1:      onia_arrival_zoo_common, layout_basic
D:2:      layout_basic
D:3:      layout_loops_ring, serial_shops, shop, nicolae_shop_stone, shop,
          nicolae_shop_waterfront, shop, ebering_ecumenical_altar_abandoned,
          grunt_ministairs_3
D:4:      layout_cave_pools, mainiacjoe_overflow_tiny_flanked
D:5:      layout_basic
D:6:      layout_basic, xom_teletrap_fun, temple_hall, serial_shops,
          shop_fountains, minmay_shop_damaged, uniq_duvessa, uniq_pikel,
          uniq_eustachio
Temple:   nicolae_temple_figure_zero

Skill      XL: |  1  2  3  4  5  6  7 |
---------------+----------------------+-----
Stealth        | 3 4 |  4.6
Fighting       | 4 5 |  5.1
Maces & Flails | 4 5 |  5.8
Dodging        | 3 |  3.8

Action                   |  1- 3 |  4- 6 |  7- 9 || total
-------------------------+-------+-------+-------++-------
Melee: Mace              |   136 |    74 |       ||   210
       Punch             |     1 |       |     2 ||     3
       Demon whip        |       |       |    60 ||    60
Evoke: Wand              |       |     7 |     3 ||    10
  Use: Scroll            |     2 |     1 |    10 ||    13
       Potion            |       |     1 |     1 ||     2
 Stab: Sleeping          |     9 |     1 |       ||    10
Armor: Robe              |    53 |     4 |       ||    57
       Leather armour    |       |     8 |       ||     8
       Chain mail        |       |    20 |    14 ||    34
Dodge: Dodged            |    92 |    33 |    25 ||   150
Block: Other             |     5 |    15 |    18 ||    38

Table legend: (Time is in decaauts)
 A = Elapsed time spent in this place.
 B = Non-inter-level travel time spent in this place.
 C = Inter-level travel time spent in this place.
 D = Time resting spent in this place.
 E = Time spent auto-exploring this place.
 F = Levels seen in this place.
 G = Mean time per level.
                   A        B        C        D        E       F      G
               +--------+--------+--------+--------+--------+-----+--------+
         Total |   5244 |   5146 |     98 |    619 |   3332 |   7 |  749.1 |
       Dungeon |   5023 |   4956 |     67 |    619 |   3153 |   6 |  837.2 |
        Temple |    220 |    189 |     31 |      0 |    179 |   1 |  220.0 |
               +--------+--------+--------+--------+--------+-----+--------+

Top non-repeatable levels by time:
     D:2: 1335 daAuts
     D:1: 1313 daAuts
     D:3: 1061 daAuts
     D:6: 658 daAuts
     D:5: 506 daAuts
  Temple: 220 daAuts
     D:4: 148 daAuts
